 Dungeon Crawl Stone Soup version 0.30-a0-377-g5cb311b (webtiles) character file.

Game seed: 2479613532234247218

21027 Parcival the Impaler (level 12, -22/168 HPs)
             Began as a Minotaur Berserker on Nov 28, 2022.
             Was a High Priest of Trog.
             Shot with an arrow by a naga sharpshooter (24 damage)
             ... on level 1 of the Snake Pit on Nov 29, 2022.
             The game lasted 00:47:39 (12365 turns).

Parcival the Impaler (Minotaur Berserker)          Turns: 12365, Time: 00:47:40

Health: -22/168    AC:  9    Str: 33    XL:     12   Next: 50%
Magic:  11/11      EV: 17    Int:  3    God:    Trog [*****.]
Gold:   896        SH:  0    Dex: 16    Spells: 11/11 levels left

rFire   . . .      SeeInvis .    m - +0 scythe
rCold   . . .      Faith    .    (shield currently unavailable)
rNeg    . . .      Spirit   .    y - +2 leather armour "Jozxehav" {+Inv Str+3}
rPois   .          Reflect  .    l - +1 hat
rElec   .          Harm     .    (no cloak)
rCorr   .          Rampage  .    t - +1 pair of gloves
Will    .....                    (no boots)
Stlth   ..........               w - amulet of regeneration
HPRegen 2.08/turn                g - ring of flight
MPRegen 0.12/turn                h - +6 ring of dexterity

@: berserking, lethally poisoned (-22 -> -26), flying, very quick
A: horns 2, retaliatory headbutt, hooves 1, regeneration 1, strong 1
a: Renounce Religion, Evoke Invisibility, Berserk, Trog's Hand, Brothers in Arms


You were on level 1 of the Snake Pit.
You worshipped Trog.
Trog was extremely pleased with you.
You visited 3 branches of the dungeon, and saw 14 of its levels.

You collected 896 gold pieces.

Inventory:

Hand Weapons
 a - a +0 hand axe of flaming
 m - a +0 scythe (weapon)
 q - a +3 rapier
Armour
 b - a +0 animal skin
 f - a +0 ring mail
 j - the +0 robe of Oseosu {Regen+ Str+3}
   (You found it on level 5 of the Dungeon)

   Str:       It affects your strength (+3).
   Regen:     It increases your rate of health regeneration.
 l - a +1 hat (worn)
 t - a +1 pair of gloves (worn)
 y - the +2 leather armour "Jozxehav" (worn) {+Inv Str+3}
   (You found it on level 9 of the Dungeon)

   Str:       It affects your strength (+3).
   +Inv:      It lets you turn invisible.
Jewellery
 g - a ring of flight (left hand)
 h - a +6 ring of dexterity (right hand)
 k - an amulet of reflection
 w - an amulet of regeneration (around neck)
Wands
 o - a wand of acid (10)
 x - a wand of roots (3)
 z - a wand of paralysis (14)
 B - a wand of digging (5)
 D - a wand of flame (7)
Scrolls
 d - 2 scrolls of vulnerability
 e - 2 scrolls of butterflies
 v - 3 scrolls of teleportation
 A - a scroll of immolation
 E - a scroll of magic mapping
 F - 3 scrolls of enchant armour
Potions
 c - a potion of degeneration
 i - a potion of berserk rage
 n - a potion of cancellation
 p - 2 potions of brilliance
 r - 2 potions of lignification
 s - 2 potions of curing
Miscellaneous
 C - a condenser vane (inert)


   Skills:
 + Level 12.1 Fighting
 + Level 6.6(12.1) Axes
 + Level 15.7(16.2) Polearms
 + Level 8.1 Armour
 + Level 10.0 Dodging
 + Level 4.8 Stealth


You had 11 spell levels left.
You didn't know any spells.
Your spell library was empty.

Dungeon Overview and Level Annotations

Branches:
Dungeon (10/15)            Temple (0/1) D:4            Lair (3/5) D:10
  Swamp (0/4) Lair:2        Snake (1/4) Lair:3
    Orc: D:9-12

Altars:
Cheibriados
Dithmenos
Elyvilon
Gozag
Hepliaklqana
Kikubaaqudgha
Makhleb
Nemelex Xobeh
Sif Muna
Trog
Uskayaw
Vehumet
Wu Jian
Xom
Yredelemnul
Zin

Shops:
D:4 *?   D:5 *(   D:9 *

Portals:
Trove: D:10 (give 2 scrolls of acquirement)


Innate Abilities, Weirdness & Mutations

You have a pair of horns on your head.
You reflexively headbutt those who attack you in melee.
You have large cloven feet.
Your natural rate of healing is unusually fast.
Your muscles are strong. (Str +4, Int/Dex -1)


Message History

The naga sharpshooter spits poison at you.
The splash of poison hits you but does no damage.
You are poisoned.
A naga mage comes into view. It is wielding a +0 spear.
You hit the shock serpent but do no damage.
Your kick misses the shock serpent.
The shock serpent is almost dead.
You feel sick. The black mamba bites you! The shock serpent bites you.
The shock serpent shocks you!
The salamander hits you from afar with a +0 trident!
You are engulfed in flames!
A red film seems to cover your vision as you go berserk!
You feel yourself moving faster!
You feel mighty!
You feel sick. The black mamba bites you.
The shock serpent completely misses you.
The naga sharpshooter mumbles some strange words.
The naga sharpshooter magically shoots an arrow.
The arrow barely misses you. The black mamba bites you!
* * * LOW HITPOINT WARNING * * *
You are more poisoned.
The black mamba poisons you!
The naga mage casts a spell.
The naga mage seems to speed up.
The salamander hits you from afar with a +0 trident!
* * * LOW HITPOINT WARNING * * *
You are engulfed in flames!
* * * LOW HITPOINT WARNING * * *
The shock serpent shoots out a bolt of lightning at you!
The bolt of electricity misses you. The bolt of electricity hits you!
* * * LOW HITPOINT WARNING * * *
You are too berserk!
You are too berserk!
You miss the shock serpent. You headbutt the shock serpent!
You kill the shock serpent!
Trog accepts your kill.
The air sparks with electricity, shocking you!
* * * LOW HITPOINT WARNING * * *
x2 You feel very sick.
The naga sharpshooter shoots an arrow.
The arrow hits you!!
You die...

#.............##
... #.......<.....#
... #............#
N...
##............#
..N..
##..........##
.....###..........#
......#.##.......##
#...####....##
#.S@.# ##..##
#.....# ..#
#N.........#
.........###.
#......####
#.....### #.#...
.##...


You could see a naga sharpshooter, a salamander, a black mamba and a naga mage
(fast).

Vanquished Creatures
  Josephine (Lair:3)
  An ogre mage (D:9)
  A two-headed ogre (D:10)
  A centaur warrior (D:9)
  A shock serpent (Snake:1)
  Pikel (D:5)
  A harpy (D:9)
  A manticore (D:9)
  6 elephants
  2 black mambas
  3 cane toads
  4 komodo dragons
  2 rime drakes
  2 unseen horrors (D:10)
  2 trolls (D:9)
  2 polar bears
  2 hornets
  A slime creature (D:9)
  A vampire (D:10)
  Sigmund (D:3)
  2 wyverns
  4 wraiths
  26 yaks
  2 basilisks
  A steam dragon (D:6)
  8 water moccasins
  An orc warrior (D:9)
  An ice beast (D:3)
  A sky beast (D:4)
  4 black bears
  3 centaurs
  6 wolves (Lair:3)
  2 lemures (D:5)
  Blork the orc (D:6)
  13 bullfrogs
  A gnoll sergeant (D:6)
  4 kobold brigands
  3 necrophages
  A wyvern zombie (D:9)
  The ghost of Stormy the Chopper, a weakling MiBe of Trog (D:3)
  3 howler monkeys
  A centaur zombie (D:9)
  3 hounds (D:5)
  2 centaur skeletons (D:9)
  A gnoll bouda (D:6)
  5 orc priests
  Jessica (D:2)
  4 iguanas
  4 orc wizards
  6 hell rats (Lair:1)
  A centaur simulacrum (D:9)
  Robin (D:2)
  13 gnolls
  7 adders
  8 river rats (Lair:1)
  2 shadow imps
  An ufetubus (D:6)
  A worm (D:4)
  6 dart slugs
  21 orcs
  8 ball pythons
  7 endoplasms
  5 giant cockroaches
  10 hobgoblins
  11 quokkas
  5 bats
  5 frilled lizards
  12 goblins
  25 kobolds
  20 rats
320 creatures vanquished.

Vanquished Creatures (others)
  3 fungi
  10 plants
13 creatures vanquished.

Grand Total: 333 creatures vanquished

Notes
Turn   | Place    | Note
-------+----------+-------------------------------------------
     0 | D:1      | Parcival the Minotaur Berserker began the quest for the
                  | Orb.
     0 | D:1      | Reached XP level 1. HP: 19/19 MP: 0/0
   196 | D:1      | Reached XP level 2. HP: 22/27 MP: 1/1
   810 | D:2      | Reached XP level 3. HP: 30/34 MP: 2/2
   856 | D:2      | Noticed Robin
   874 | D:2      | Reached ** piety under Trog
   881 | D:2      | Killed Robin
  1288 | D:2      | Noticed Jessica
  1298 | D:2      | Killed Jessica
  1299 | D:2      | Reached XP level 4. HP: 35/41 MP: 3/3
  1405 | D:2      | Found a glowing silver altar of Zin.
  1904 | D:3      | Found a hazy altar of Hepliaklqana.
  2020 | D:3      | Reached XP level 5. HP: 20/47 MP: 4/4
  2022 | D:3      | Reached skill level 5 in Axes
  2423 | D:3      | Noticed Sigmund
  2430 | D:3      | Killed Sigmund
  2431 | D:3      | Reached skill level 5 in Fighting
  2431 | D:3      | Reached XP level 6. HP: 50/56 MP: 5/5
  2433 | D:3      | Found a runed translucent gate.
  2433 | D:3      | Found a runed translucent gate.
  2433 | D:3      | Found an opulent altar of Gozag.
  2452 | D:3      | Found a runed translucent gate.
  2453 | D:3      | Noticed an ice beast
  2453 | D:3      | Noticed Stormy's ghost (weakling MiBe)
  2462 | D:3      | Killed an ice beast
  2463 | D:3      | Reached skill level 5 in Armour
  2467 | D:3      | Killed Stormy's ghost
  2468 | D:3      | Reached skill level 1 in Stealth
  2468 | D:3      | Reached XP level 7. HP: 20/61 MP: 6/6
  2738 | D:3      | Gained mutation: Your natural rate of healing is unusually
                  | fast. [potion of mutation]
  2738 | D:3      | Gained mutation: You have large cloven feet. [potion of
                  | mutation]
  2738 | D:3      | Gained mutation: Your muscles are strong. (Str +4, Int/Dex
                  | -1) [potion of mutation]
  2833 | D:4      | Found Leocijad's Overcharged Wands.
  2887 | D:4      | Reached *** piety under Trog
  2944 | D:4      | Found a staircase to the Ecumenical Temple.
  3037 | D:4      | Found an ancient bone altar of Kikubaaqudgha.
  3100 | D:4      | Found Boniun's Magic Scroll Boutique.
  3123 | D:4      | Found a white marble altar of Elyvilon.
  3272 | D:4      | Reached skill level 1 in Polearms
  3368 | D:4      | Reached skill level 2 in Polearms
  3768 | D:5      | Entered Level 5 of the Dungeon
  3873 | D:5      | Reached skill level 3 in Polearms
  3889 | D:5      | Identified the +0 robe of Oseosu {Regen+ Str+3}
  3917 | D:5      | Found Yssenus's Weapon Shoppe.
  4027 | D:5      | Found Kunaomaa's Gadget Gallery.
  4198 | D:5      | Noticed a yak
  4198 | D:5      | Noticed a yak
  4199 | D:5      | Noticed a yak
  4205 | D:5      | Killed a yak
  4206 | D:5      | Reached skill level 4 in Polearms
  4206 | D:5      | Reached XP level 8. HP: 46/70 MP: 7/7
  4209 | D:5      | Reached skill level 5 in Polearms
  4258 | D:5      | Noticed Pikel
  4269 | D:5      | Killed Pikel
  4270 | D:5      | Reached skill level 7 in Polearms
  4270 | D:5      | Reached skill level 5 in Dodging
  4325 | D:5      | Found a snail-covered altar of Cheibriados.
  4325 | D:5      | Found a sparkling altar of Nemelex Xobeh.
  4325 | D:5      | Found a burning altar of Makhleb.
  4425 | D:5      | Found an ornate altar of the Wu Jian Council.
  4613 | D:6      | Reached XP level 9. HP: 77/79 MP: 8/8
  4620 | D:6      | Noticed Blork the orc
  4640 | D:6      | Killed Blork the orc
  4698 | D:6      | Reached skill level 8 in Polearms
  4729 | D:6      | Reached **** piety under Trog
  4764 | D:6      | Found a hide-covered altar of Uskayaw.
  4767 | D:6      | Found a shadowy altar of Dithmenos.
  4770 | D:6      | Found a basalt altar of Yredelemnul.
  4974 | D:6      | Reached skill level 9 in Polearms
  5630 | D:7      | Found a bloodstained altar of Trog.
  5708 | D:7      | Found a radiant altar of Vehumet.
  5933 | D:7      | Reached skill level 10 in Polearms
  6107 | D:8      | HP: 1/82 [yak (9)]
  6117 | D:8      | Reached XP level 10. HP: 43/90 MP: 9/9
  6344 | D:8      | Found an opulent altar of Gozag.
  7390 | D:9      | Found Fuwilaq's General Store.
  7435 | D:9      | Identified the +2 leather armour "Jozxehav" {+Inv Str+3}
  7504 | D:9      | Reached skill level 11 in Polearms
  7787 | D:9      | Found a runed translucent door.
  7788 | D:9      | Noticed a harpy
  7801 | D:9      | Killed a harpy
  7847 | D:9      | Noticed a centaur warrior
  7852 | D:9      | Killed a centaur warrior
  7853 | D:9      | Reached skill level 12 in Polearms
  7858 | D:9      | Noticed an ogre mage
  7858 | D:9      | Noticed a manticore
  7865 | D:9      | Killed an ogre mage
  7877 | D:9      | Killed a manticore
  7961 | D:9      | Found a shimmering blue altar of Sif Muna.
  8105 | D:10     | Entered Level 10 of the Dungeon
  8111 | D:10     | Noticed a two-headed ogre
  8121 | D:10     | Killed a two-headed ogre
  8122 | D:10     | Reached XP level 11. HP: 99/99 MP: 10/10
  8193 | D:10     | Found a portal to a secret trove of treasure.
  8346 | D:10     | Found a shimmering altar of Xom.
  8354 | D:10     | Reached ***** piety under Trog
  8355 | D:10     | Reached skill level 10 in Fighting
  8377 | D:10     | Found a staircase to the Lair.
  8427 | D:10     | Reached skill level 13 in Polearms
  8650 | D:10     | Found a glowing silver altar of Zin.
  9077 | Lair:1   | Entered Level 1 of the Lair of Beasts
  9591 | Lair:1   | Reached skill level 14 in Polearms
 10387 | Lair:2   | Found a staircase to the Swamp.
 10666 | Lair:2   | Reached skill level 15 in Polearms
 10841 | Lair:2   | Reached XP level 12. HP: 78/110 MP: 11/11
 11967 | Lair:3   | Received a gift from Trog
 12061 | Lair:3   | Found a staircase to the Snake Pit.
 12175 | Lair:3   | Noticed Josephine
 12189 | Lair:3   | Killed Josephine
 12190 | Lair:3   | Reached skill level 10 in Dodging
 12350 | Snake:1  | Entered Level 1 of the Snake Pit
 12365 | Snake:1  | HP: 4/168 [something (7)]
 12365 | Snake:1  | Shot with an arrow by a naga sharpshooter

Illustrated notes

Levels and vault maps discovered:
D:1:      dpeg_arrival_snail, layout_basic, serial_bayou_lake_a
D:2:      layout_loops_ring, basic_altar, minmay_misc_feat_five,
          grunt_ministairs_4, minmay_strange_pillars, uniq_jessica, uniq_robin
D:3:      cheibrodos_old_hovel, layout_rooms, lemuel_tele_altar,
          ebering_ghost_gozag, uniq_sigmund
D:4:      layout_cave_pods, kennysheep_mini_moat, elyvilon_altar_1,
          minmay_temple_entry_grid, serial_shops, shop,
          nicolae_shop_overcharged_wands
D:5:      layout_basic, nicolae_wu_jian_glorious_leap,
          gammafunk_temple_overflow_claw, serial_shops,
          nicolae_shop_hallway_plus, nicolae_shop_gadgets, uniq_pikel
D:6:      layout_loops_ring, grunt_temple_overflow_diamond, uniq_blork_the_orc
D:7:      layout_loops_ring, bloody_trog, nicolae_vehumet_altar_sigil
D:8:      layout_layer_cave, grunt_gozag_statues
D:9:      layout_roguey, nicolae_sif_muna_condensation, serial_shops,
          nicolae_shop_statue_plus, hangedman_decor_clover_reticule,
          st_stairs_14, hangedman_weighted_door, minivault_13
D:10:     layout_small_grid, kennysheep_little_box, old_standard_altar,
          david_lair_generic, nicolae_trove_entry_diagonal,
          hangedman_decor_diamond_cutter, hex_medium
Lair:1:   lemuel_ratsnest, layout_layer_cave
Lair:2:   layout_cave_pods, swamp_mist, infiniplex_staircase_pool
Lair:3:   layout_cave_pods, dummy_snake_entry, uniq_josephine
Snake:1:  cheibrodos_snake_lava_hold, layout_chambers, gammafunk_ghost_cemetery,
          lemuel_fruit_tree, uniq_aizul

Skill      XL: |  1  2  3  4  5  6  7  8  9 10 11 12 |
---------------+-------------------------------------+-----
Fighting       | 4 5 6 7 8 9 11 12 | 12.1
Axes           | 4 6 |  6.6
Armour         | 3 4 5 6 7 8 |  8.1
Dodging        | 3 4 5 6 8 9 10 | 10.0
Stealth        | 1 2 4 |  4.8
Polearms       | 4 7 10 12 15 | 15.7

Action                   |  1- 3 |  4- 6 |  7- 9 | 10-12 || total
-------------------------+-------+-------+-------+-------++-------
Melee: Hand axe          |   107 |    62 |       |       ||   169
       Headbutt          |    16 |    11 |    30 |   104 ||   161
       Punch             |     1 |       |       |       ||     1
       Halberd           |       |     9 |   180 |   391 ||   580
       Kick              |       |       |    47 |   156 ||   203
Invok: Berserk           |     1 |     2 |     3 |     6 ||    12
       Trog's Hand       |       |       |     2 |     1 ||     3
Evoke: Condenser vane    |       |       |       |     1 ||     1
  Use: Scroll            |     3 |     2 |     8 |     5 ||    18
       Potion            |       |       |     7 |    11 ||    18
 Stab: Sleeping          |       |       |     2 |     8 ||    10
       Confused          |       |       |       |     1 ||     1
Armor: Animal skin       |    11 |       |       |       ||    11
       Ring mail         |    23 |    30 |    37 |       ||    90
       Robe              |       |       |    15 |    15 ||    30
       Leather armour    |       |       |       |   153 ||   153
Dodge: Dodged            |    68 |    53 |   202 |   414 ||   737

Table legend: (Time is in decaauts)
 A = Elapsed time spent in this place.
 B = Non-inter-level travel time spent in this place.
 C = Inter-level travel time spent in this place.
 D = Time resting spent in this place.
 E = Time spent auto-exploring this place.
 F = Levels seen in this place.
 G = Mean time per level.
                   A        B        C        D        E       F      G
               +--------+--------+--------+--------+--------+-----+--------+
         Total |  12451 |  11725 |    726 |    238 |   8932 |  14 |  889.4 |
       Dungeon |   9207 |   8660 |    547 |    202 |   6584 |  10 |  920.7 |
          Lair |   3230 |   3051 |    179 |     36 |   2345 |   3 | 1076.7 |
     Snake Pit |     13 |     13 |      0 |      0 |      3 |   1 |   13.0 |
               +--------+--------+--------+--------+--------+-----+--------+

Top non-repeatable levels by time:
  Lair:1: 1280 daAuts
     D:8: 1214 daAuts
  Lair:3: 1044 daAuts
     D:3: 1037 daAuts
     D:4: 1005 daAuts
    D:10: 976 daAuts
     D:2: 967 daAuts
  Lair:2: 905 daAuts
     D:5: 858 daAuts
     D:9: 856 daAuts
     D:1: 839 daAuts
     D:6: 784 daAuts
     D:7: 667 daAuts
 Snake:1: 13 daAuts
